 Dungeon Crawl Stone Soup version 0.22-b1-59-g0aedee734a (webtiles) character file.

11 MrSplat the Sneak (level 2, -2/22 HPs)
             Began as a Naga Enchanter on Aug 9, 2018.
             Slain by a jackal (3 damage)
             ... on level 1 of the Dungeon.
             The game lasted 00:04:46 (606 turns).

MrSplat the Sneak (Naga Enchanter)                   Turns: 606, Time: 00:04:46

Health: -2/22      AC:  1    Str: 10    XL:     2   Next: 25%
Magic:  5/5        EV: 10    Int: 15    God:
Gold:   22         SH:  0    Dex: 11    Spells: 4/5 levels left

rFire    . . .     SeeInvis +   a - +2 dagger
rCold    . . .     Gourm    .   (no shield)
rNeg     . . .     Faith    .   b - +0 robe
rPois    +         Spirit   .   (no helmet)
rElec    .         Reflect  .   (no cloak)
rCorr    .         Harm     .   (no gloves)
MR       .....                  (no barding)
Stlth    +++.......             (no amulet)
HPRegen  0.07/turn              (no ring)
MPRegen  0.09/turn              (no ring)

@: very slow
A: large, see invisible, deformed body, poison resistance, slowness 2, slow
metabolism 1, spit poison 1, AC +0
a: Spit Poison


You were on level 1 of the Dungeon.
You were not hungry.

You visited 1 branch of the dungeon, and saw 1 of its levels.

You collected 22 gold pieces.


Innate Abilities, Weirdness & Mutations

You cannot wear boots.
Your serpentine skin is tough. (AC +0)
You have supernaturally acute eyesight. (SInv)
Armour fits poorly on your strangely shaped body.
Your system is resistant to poisons. (rPois)
You cover ground very slowly.
You have a slow metabolism.
You can spit poison.


   Skills:
 - Level 1.0 Short Blades
 - Level 1.5 Dodging
 + Level 4.8 Stealth
 - Level 2.0 Spellcasting
 * Level 3.4 Hexes


You had 4 spell levels left.
You knew the following spells:

 Your Spells              Type           Power        Failure   Level  Hunger
a - Corona                Hex            ##.....      5%          1    #......

Your spell library contained the following spells:

 Spells                   Type           Power        Failure   Level  Hunger
 Confuse                  Hex            ##......     16%         3    ###....
 Tukima's Dance           Hex            ##......     16%         3    ###....
 Ensorcelled Hibernation  Hex/Ice        #.....       17%         2    ###....
 Dazzling Spray           Conj/Hex       #.....       32%         3    ###....

Inventory:

Hand Weapons
 a - a +2 dagger (weapon)
Armour
 b - a +0 robe (worn)
Jewellery
 k - an uncursed ring of ice {unknown}
   (You found it on level 1 of the Dungeon)
Scrolls
 h - a scroll of teleportation {unknown}
 i - a scroll of noise {unknown}
 l - a scroll of identify {unknown}
Potions
 e - a potion of magic {unknown}
Comestibles
 d - 3 rations {@e1}
 j - 3 chunks of flesh

Dungeon Overview and Level Annotations

Branches:
Dungeon (1/15)

Altars:

#############
#............
#######.###########
........####### #
..............# #
######..#####.### # #h
#######.........### #h
#.@h†..†#####...... #.
#l#####.# #.#.... #. #.#
#.# #.#..## #. ##.## #.#
#.#).## #. ##...## #.#
#.#..##
##.##.#.#.###.#####.#..##
#.......>................
#...##.#.#.##...........##
#..# ##...###....##..#.##


You could see a leopard gecko and a jackal.


Message History

Aim: a jackal The splash of poison misses the jackal.
You feel slightly more hungry. The jackal barely misses you. x2
You barely miss the jackal. The jackal completely misses you.
You closely miss the jackal. The jackal bites you.
* * * LOW HITPOINT WARNING * * *
You take 3 damage, and have 5/22 hp.
You hit the jackal.
The jackal is almost dead.
You have got your breath back.
The jackal bites you but does no damage.
The jackal bites you.
* * * LOW HITPOINT WARNING * * *
You take 1 damage, and have 4/22 hp.
Use which ability? (? or * to list)
Press: ? - help, Shift-Dir - straight line, f/p - jackal
Aim: a jackal (almost dead)
The splash of poison hits the jackal.
The jackal is poisoned.
You kill the jackal!
You feel slightly more hungry.
A jackal comes into view.
You see here a jackal corpse.
You butcher the jackal corpse.
Things that are here:
2 chunks of flesh; a jackal skeleton You start resting.
You have got your breath back.
A jackal comes into view.
You start resting.
The jackal is too close now for your liking.
You regained 3 hp, and now have 9/22 hp.
j - 3 chunks of flesh (gained 2)
You see here a jackal skeleton.
You start resting.
The jackal is too close now for your liking.
Use which ability? (? or * to list)
Press: ? - help, Shift-Dir - straight line, f - jackal
Aim: a jackal (hasn't noticed you)
The splash of poison hits the jackal.
The jackal is poisoned.
The jackal is moderately wounded.
The jackal barks!
You feel slightly more hungry.
You hear a bark!
You closely miss the jackal.
The jackal is moderately wounded.
The jackal bites you.
You take 1 damage, and have 9/22 hp.
You miss the jackal.
The jackal is moderately wounded.
The jackal bites you.
* * * LOW HITPOINT WARNING * * *
You take 2 damage, and have 7/22 hp.
You barely miss the jackal.
The jackal is moderately wounded.
The jackal completely misses you.
A jackal comes into view.
The jackal bites you.
* * * LOW HITPOINT WARNING * * *
The jackal moves out of view.
You take 1 damage, and have 6/22 hp.
You miss the jackal.
The jackal is moderately wounded.
The jackal bites you.
* * * LOW HITPOINT WARNING * * *
You take 2 damage, and have 4/22 hp.
You hit the jackal.
You kill the jackal!
Casting: Corona (safe; 5% risk of failure)
Confirm with . or Enter, or press ? or * to list all spells.
Okay, then.
You hit the jackal.
The jackal is almost dead.
You have got your breath back.
The jackal bites you.
* * * LOW HITPOINT WARNING * * *
The jackal bites you.
* * * LOW HITPOINT WARNING * * *
You take 3 damage, and have 1/22 hp.
Casting: Corona (safe; 5% risk of failure)
Confirm with . or Enter, or press ? or * to list all spells.
You don't know that spell.
Use which ability? (? or * to list)
Press: ? - help, Shift-Dir - straight line, f - jackal
Aim: a jackal (almost dead)
The splash of poison hits the jackal.
The jackal is poisoned.
You kill the jackal!
You feel slightly more hungry.
A leopard gecko comes into view.
Things that are here:
a jackal corpse; a jackal skeleton
As you read the scroll labeled CICKOI ANAJODA, it crumbles to dust.
It is a scroll of enchant weapon.
Your +1 dagger glows red for a moment.
You have got your breath back.
Okay, then.
Use which ability? (? or * to list)
You can't do that.
It was a potion of cancellation.
You feel magically purged. The jackal bites you.
You die...

Action                   || total
-------------------------++-------
Melee: Dagger            ||    31
 Abil: Spit Poison       ||     7
  Use: Scroll            ||     1
       Potion            ||     1
 Stab: Sleeping          ||     1
Armor: Robe              ||     5
Dodge: Dodged            ||    19

Vault maps used:
D:1:      dpeg_arrival_line_fractal

Notes
Turn   | Place    | Note
-------+----------+-------------------------------------------
     0 | D:1      | MrSplat the Naga Enchanter began the quest for the Orb.
     0 | D:1      | Reached XP level 1. HP: 15/15 MP: 3/3
   111 | D:1      | HP: 3/15 [jackal (2)]
   112 | D:1      | HP: 1/15 [jackal (2)]
   516 | D:1      | Reached XP level 2. HP: 9/22 MP: 5/5
   522 | D:1      | HP: 5/22 [jackal (3)]
   600 | D:1      | HP: 4/22 [jackal (2)]
   602 | D:1      | HP: 1/22 [jackal (1)]
   606 | D:1      | Slain by a jackal

Vanquished Creatures
  A goblin (D:1)
  A hobgoblin (D:1)
  6 jackals (D:1)
8 creatures vanquished.

Table legend:
 A = Turns spent in this place as a percentage of turns spent in the entire game.
 B = Non-inter-level travel turns spent in this place as a percentage of non-inter-level travel turns spent in the entire game.
 C = Inter-level travel turns spent in this place as a percentage of turns spent in this place.
 D = Turns resting spent in this place as a percentage of non-inter-level travel turns spent in this place.
 E = Turns spent auto-exploring this place as a percentage of non-inter-level travel turns spent in this place.
 F = Non-inter-level travel turns spent in this place divided by the number of levels of this place that you've seen.
                   A       B       C       D       E      F
               +-------+-------+-------+-------+-------+----------------------
         Total | 100.0 | 100.0 |   0.0 |  43.7 |  33.0 | 606.0
       Dungeon | 100.0 | 100.0 |   0.0 |  43.7 |  33.0 | 606.0
               +-------+-------+-------+-------+-------+----------------------

Table legend:
 A = Non-vault XP
 B = Vault XP
 C = Vault XP percentage of total XP
 D = Non-vault monster count
 E = Vault monster count
 F = Vault count percentage of total count
 G = Total turns spent on level
                 A         B        C        D         E       F
            +---------+---------+-------+---------+---------+-------
      Total |      16 |       0 |   0.0 |       8 |       0 |   0.0
            +---------+---------+-------+---------+---------+-------
        D:1 |      16 |       0 |   0.0 |       8 |       0 |   0.0
            +---------+---------+-------+---------+---------+-------
